Map: Ascension to Aiur LE

Players

Dessa - Winner!

  • Race: Zerg Zerg
  • League: Diamond
  • Spawn Location: 11:00

Atoms

  • Race: Terran Terran
  • League: Diamond
  • Spawn Location: 5:00

VOD

Have the link to the VOD?

Description

Time

  • Played on: Dec. 17, 2017, 8:08 a.m.
  • Length: 14:26
Show
View Real Time Build Order
Export as new Build Order

Dessa Zerg - Winner!

Build Orders: Hatch First 

Get SALT Encoding   

  12  0:00  Drone  
  13  0:12  Overlord  
  13  0:17  Drone  
  14  0:30  Drone  
  14  0:31  Drone  
  14  0:34  Drone  
  17  0:53  Hatchery  
  17  0:57  Drone  
  17  1:01  Extractor  
  17  1:02  Drone  
  17  1:17  Spawning Pool  
  16  1:19  Drone  
  17  1:28  Drone  
  19  1:32  Drone  
  19  1:42  Drone  
  20  1:52  Overlord  
  20  2:03  Queen  
  20  2:05  Metabolic Boost  
  22  2:09  Drone  
  23  2:24  Queen  
  23  2:25  Zergling x2  
  23  2:26  Zergling x2  
  23  2:27  Drone x2  
  23  2:29  Drone  
  30  2:38  Drone  
  31  2:46  Queen  
  31  2:50  Drone x2  
  35  2:51  Overlord  
  35  2:58  Drone  
  36  3:08  Extractor  
  36  3:10  Drone, Baneling Nest  
  36  3:12  Drone x2  
  37  3:14  Drone x2  
  37  3:17  Overlord  
  39  3:20  Drone  
  39  3:44  Drone x3  
  39  3:45  Drone  
  39  3:47  Drone x2, Extractor  
  44  3:48  Extractor  
  44  3:50  Lair  
  44  3:54  Drone x2, Hatchery  
  44  3:56  Drone  
  44  4:01  Zergling x4  
  46  4:09  Zergling x4  
  48  4:12  Overlord  
  48  4:29  Overlord  
  48  4:44  Roach Warren  
  48  4:45  Drone x2, Evolution Chamber  
  48  4:46  Drone x3  
  51  4:56  Zergling x2  
  51  4:57  Zergling x12  
  58  5:10  Zergling x4  
  58  5:14  Queen x2  
  54  5:19  Zergling x4  
  58  5:24  Roach x4  
  64  5:42  Zerg Ground Armor Level 1  
  64  5:49  Hatchery  
  63  5:56  Overlord  
  63  6:00  Overlord  
  63  6:02  Glial Reconstitution  
  63  6:09  Evolution Chamber  
  62  6:11  Overlord x2  
  62  6:14  Queen  
  64  6:31  Hatchery, Overlord x2  
  63  6:35  Zerg Missile Weapons Level 1  
  63  6:45  Roach x4  
  71  6:49  Pneumatized Carapace  
  71  6:52  Drone  
  71  6:53  Drone x3, Overlord  
  71  6:54  Overlord  
  75  7:03  Queen  
  77  7:15  Drone x2  
  78  7:16  Drone x2  
  78  7:19  Overlord  
  78  7:20  Drone x5  
  86  7:32  Drone  
  86  7:33  Hydralisk Den  
  86  7:37  Zerg Ground Armor Level 2  
  86  7:45  Queen  
  87  8:01  Spine Crawler x2  
  87  8:02  Drone x2  
  87  8:03  Drone x6, Extractor x2  
  87  8:04  Drone x3  
  94  8:17  Hydralisk x2  
  94  8:18  Roach x5, Hydralisk x3  
  94  8:19  Roach  
  109  8:28  Drone, Spore Crawler  
  109  8:37  Roach x3, Hydralisk x3  
  109  8:38  Roach  
  123  9:00  Queen  
  111  9:29  Queen  
  113  9:39  Spine Crawler  
  113  9:41  Spine Crawler, Drone x2  
  113  9:42  Spine Crawler, Spore Crawler, Drone  
  113  9:43  Drone x3  
  115  9:46  Hydralisk x3, Muscular Augments  
  115  9:47  Roach x3  
  115  9:48  Overlord x2  
  115  9:49  Overlord  
  124  10:27  Drone x4  
  124  10:28  Drone x2  
  130  10:29  Drone x2, Overlord x2  
  132  10:45  Roach x2, Hydralisk x4  
  132  10:46  Roach x3, Overlord x2  
  150  10:50  Infestation Pit  
  150  10:51  Zerg Missile Weapons Level 2  
  150  10:55  Drone x3  
  150  10:56  Drone x3  
  150  10:57  Overlord x2  
  155  11:01  Extractor x2  
  155  11:04  Spine Crawler, Spore Crawler  
  152  11:05  Drone x5, Spine Crawler  
  155  11:14  Ravager  
  152  11:34  Zerg Melee Weapons Level 1  
  152  11:36  Hive  
  152  11:42  Drone x3  
  152  11:43  Drone x3  
  152  11:45  Drone  
  152  11:47  Roach x2, Hydralisk x6  
  159  11:48  Roach x6, Hydralisk x2  
  159  11:49  Roach, Hatchery  
  186  12:55  Hydralisk x3  
  186  12:56  Roach x4  
  148  13:20  Hydralisk x2  
  148  13:21  Roach x5, Hydralisk x6  
  148  13:22  Roach x5  
  148  13:23  Roach x6  
  196  13:27  Ultralisk Cavern  
Show
View Real Time Build Order
Export as new Build Order

Atoms Terran 

Build Orders: MMM Bio 

Get SALT Encoding   

  12  0:01  SCV  
  13  0:13  SCV  
  14  0:18  Supply Depot  
  14  0:26  SCV  
  15  0:29  Refinery  
  15  0:39  SCV  
  16  0:43  Barracks  
  16  0:52  SCV  
  17  1:04  SCV  
  18  1:22  Command Center  
  18  1:31  Orbital Command  
  18  1:38  Refinery  
  18  1:41  Marine  
  18  1:47  Refinery  
  19  1:57  SCV  
  19  1:59  Marine  
  21  2:22  Supply Depot  
  21  2:31  Barracks Reactor  
  21  2:34  SCV  
  21  2:36  Factory  
  22  2:40  Orbital Command  
  22  2:45  Bunker  
  22  2:46  SCV  
  23  2:58  SCV  
  24  3:07  SCV  
  24  3:10  SCV  
  26  3:22  Armory  
  26  3:24  SCV x2  
  26  3:25  Hellion x2  
  32  3:28  Marine  
  33  3:36  SCV x2  
  35  3:42  Supply Depot  
  35  3:46  Hellion  
  35  3:47  Hellion  
  39  4:02  Barracks Reactor  
  39  4:06  SCV x2  
  41  4:18  Hellion x2  
  41  4:23  Supply Depot  
  45  4:27  SCV  
  45  4:28  SCV  
  47  4:38  Marine x2  
  47  4:39  Hellion  
  47  4:40  Hellion, Barracks  
  53  5:13  Hellion x5  
  53  5:21  Hellion x2, Marine x2  
  57  5:26  Engineering Bay  
  57  5:28  Engineering Bay  
  57  5:37  SCV x2  
  57  5:40  Barracks Tech Lab  
  59  5:44  Command Center  
  59  5:51  SCV x2  
  59  5:54  Refinery  
  59  5:55  Supply Depot, Marine  
  59  5:56  Refinery  
  62  6:02  Starport  
  62  6:04  Terran Infantry Weapons Level 1, Terran Infantry Armor Level 1  
  62  6:14  Supply Depot  
  62  6:15  Supply Depot  
  62  6:16  SCV x2, Marine x2  
  62  6:17  Marine  
  62  6:18  Stimpack  
  67  6:29  SCV x2  
  69  6:38  Marine x3  
  72  6:49  Medivac x2  
  72  6:52  Supply Depot x2  
  72  6:53  SCV x2  
  78  6:57  Marine x3  
  78  6:59  Orbital Command  
  81  7:10  Factory Reactor  
  81  7:15  Supply Depot  
  81  7:16  SCV  
  81  7:19  Medivac x2  
  86  7:42  Marine x3  
  89  8:14  Orbital Command  
  89  8:17  Marine x3  
  93  8:34  Barracks x2  
  93  8:35  Barracks, Marine x3  
  93  8:38  Combat Shields  
  90  8:43  Factory Tech Lab  
  90  8:52  Liberator x2  
  75  9:08  Marine x3  
  72  9:22  SCV  
  72  9:23  SCV x2  
  75  9:26  Marine  
  75  9:28  Barracks Tech Lab  
  75  9:29  Barracks Tech Lab, Barracks Reactor  
  75  9:31  Siege Tank  
  75  9:34  SCV  
  75  9:35  SCV  
  75  9:37  Terran Vehicle Weapons Level 1  
  75  9:38  Marine x2, Factory  
  79  9:44  Marine  
  82  9:52  Terran Infantry Weapons Level 2, Terran Infantry Armor Level 2  
  82  9:53  Marine  
  82  9:54  Marine  
  82  9:56  Marine x2  
  86  10:01  Marine  
  80  10:11  Marine x2  
  80  10:13  Command Center  
  75  10:14  Marine  
  75  10:15  Command Center, Marine x3  
  75  10:16  Siege Tank  
  75  10:17  Command Center x2  
  75  10:19  Marine  
  83  10:29  Marine  
  83  10:32  Marine  
  83  10:33  Liberator x2  
  86  10:38  Marine x4  
  82  10:47  Concussive Shells  
  82  10:48  Marine  
  82  10:49  Factory Tech Lab  
  83  10:50  Marine  
  83  10:55  Marine  
  83  10:56  Marine  
  92  11:12  Marine  
  92  11:13  Marine x4  
  92  11:14  Marine  
  89  11:26  Siege Tank  
  89  11:27  Siege Tank  
  89  11:30  Marine x2  
  97  11:42  Orbital Command  
  97  11:50  Orbital Command, Barracks Tech Lab  
  97  11:51  SCV x2  
  99  11:54  Marine  
  99  11:55  Marine x5  
  105  12:03  SCV  
  105  12:04  SCV  
  105  12:07  Planetary Fortress  
  107  12:09  SCV  
  107  12:12  Marine  
  107  12:13  Marine  
  107  12:15  SCV  
  111  12:23  Medivac x2  
  115  12:36  Marine  
  113  12:37  Marine x6  
  119  12:44  SCV x2  
  121  12:54  Marine  
  121  12:55  Marine x4  
  123  13:12  Marine  
  102  13:13  Siege Tank x2  
  84  13:20  Marine  
  84  13:21  Marine x5  
  90  13:30  Marine  
  91  13:37  Bunker  
  91  13:38  Refinery, Marine x2  
  91  13:39  Marine  
  87  13:42  Refinery, Marine  
  87  13:43  Marine x2  
  87  13:45  Siege Tank  
  87  13:47  Marine  
  78  13:56  Marine x2  
  78  13:59  Marine  
  78  14:00  Marine x2  
  65  14:05  Marine  
Tags
 
Composition
MMM Bio
Matchup
TvZ
Replay Pack
2017S4
Spawn Locations
Cross Positions
Add a new tag
Caveats
  • Supply blocks, unpowered buildings, or Contaminate may cause inaccurate times.
  • Supply counts are checked every 10 seconds.